 Dungeon Crawl Stone Soup version 0.31-a0-940-gdaa99269f9 (webtiles) character file.

Game seed: 11398623267880461456

2 Azuregosa the Sneak (level 1, -1/16 HPs)
             Began as an Octopode Delver on Oct 20, 2023.
             Slain by a gnoll
             ... wielding a +0 whip
              (7 damage)
             ... on level 4 of the Dungeon.
             The game lasted 00:01:41 (113 turns).

Azuregosa the Sneak (Octopode Delver)                Turns: 113, Time: 00:01:41

Health: -1/16      AC:  1    Str: 11    XL:     1   Next: 30%
Magic:  1/1        EV: 13    Int: 12    God:
Gold:   34         SH:  0    Dex: 13    Spells: 0/0 levels left

rFire   . . .        a - +0 short sword
rCold   . . .        (no shield)
rNeg    . . .        (helmet restricted)
rPois   .            (no amulet)
rElec   .            (no ring)
rCorr   .            (no ring)
SInv    .            (no ring)
Will    .....        (no ring)
Stlth   ++++         (no ring)
HPRegen 0.22/turn    (no ring)
MPRegen 0.07/turn    (no ring)
                     (no ring)

%: no passive effects
@: no status effects
A: almost no armour, amphibious, 8 rings, camouflage 1, gelatinous body 1,
(nimble swimmer 1), tentacles
a: no special abilities


You were on level 4 of the Dungeon.
You visited 1 branch of the dungeon, and saw 3 of its levels.

You collected 34 gold pieces.

Inventory:

Hand Weapons
 a - a +0 short sword (weapon)
Missiles
 g - 7 stones
 k - 4 atropa-tipped darts
Wands
 f - a wand of digging (3)
Scrolls
 b - a scroll of fog
 c - 2 scrolls of teleportation {unknown}
 d - a scroll of fear
 h - a scroll of blinking {unknown}
 i - a scroll of enchant weapon {unknown}
 j - a scroll of identify {unknown}
Potions
 e - a potion of haste


   Skills:
 - Level 3.0 Fighting
 - Level 2.0 Short Blades
 + Level 2.2 Dodging
 - Level 6.6 Stealth


You couldn't memorise any spells.
You didn't know any spells.
Your spell library was empty.

Dungeon Overview and Level Annotations

Branches:
Dungeon (6/15)
 Temple: D:4-7

Altars:

Annotations:
D:5 1 runed translucent door


Innate Abilities, Weirdness & Mutations

You cannot wear most types of armour.
You are amphibious.
You can wear up to eight rings at the same time.
Your skin changes colour to match your surroundings (Stealth+).
Your rubbery body absorbs attacks. (AC +1, EV +1)
((You are camouflaged when in or above water. (Stealth+)))
You have tentacles for arms and can constrict up to eight enemies at once.


Message History

You closely miss the orc. Your grab misses the orc. You squeeze the orc.
You kill the orc!
c - 2 scrolls labelled TUQOYFR BUOFE (gained 1)
j - a scroll labelled ELI AJU SIET
Found 20 gold pieces.
Found 14 gold pieces.
You now have 20 gold pieces.
You now have 34 gold pieces (gained 14).
There is a stone staircase leading up here.
You climb upwards.
Found a short sword.
There is a stone staircase leading down here.
Found 4 atropa-tipped darts.
A gnoll comes into view. It is wielding a +0 whip.
You see here 4 atropa-tipped darts.
k - 4 atropa-tipped darts 2 gnolls come into view.
A gnoll comes into view. It is wielding a +0 club.
Found a scroll labelled ELI AJU SIET.
The gnoll shouts! x4; You hear a shout!
The gnoll hits you with a +0 whip.
The gnoll hits you from afar with a +0 spear.
A kobold comes into view. It is wielding a +0 dagger.
You closely miss the gnoll. Your grab misses the gnoll. You hit the gnoll.
You grab the gnoll. You squeeze the gnoll.
The gnoll is moderately wounded.
You constrict the gnoll. The gnoll hits you with a +0 whip.
The gnoll hits you from afar with a +0 spear.
You hit the gnoll but do no damage.
The gnoll is moderately wounded.
You constrict the gnoll, but do no damage.
The gnoll closely misses you. x2
You hit the gnoll.
The gnoll is severely wounded.
You constrict the gnoll, but do no damage.
The gnoll barely misses you. x2
You hit the gnoll. You squeeze the gnoll.
The gnoll is severely wounded.
You constrict the gnoll. The gnoll hits you with a +0 whip!
You die... ## ># .# ### .# #.# .# ##### ggK

.####..... #g#
......# #g#
....### ##@#
.##..### ##..#
..##...####
##..## #.
###....###..##
. ####.....##
## ####......#
#.####... #.#
# ..#


You could see 4 gnolls and a kobold.

Vanquished Creatures
  An orc (D:5)
1 creature vanquished.

Notes
Turn   | Place    | Note
-------+----------+-------------------------------------------
     0 | D:5      | Azuregosa the Octopode Delver began the quest for the Orb.
     0 | D:5      | Reached XP level 1. HP: 16/16 MP: 1/1
     0 | D:5      | Found a runed translucent door.
     5 | D:6      | Noticed an ice beast
   113 | D:4      | Slain by a gnoll

Illustrated notes

Levels and vault maps discovered:
D:4:      layout_rooms, mainiacjoe_overflow_alcove_4,
          minmay_temple_entry_drinking_statues, lightli_corner_chamber,
          uniq_blork_the_orc
D:5:      layout_basic, uniq_crazy_yiuf_cottage
D:6:      layout_rooms, serial_bayou_ford_a

Action                     || total
---------------------------++-------
  Melee: Short sword       ||     6
         Tentacles         ||     3
         Constrict         ||     1
    Use: Scroll            ||     1
 Armour: Skin              ||     5
  Dodge: Dodged            ||     4

Table legend: (Time is in decaauts)
 A = Elapsed time spent in this place.
 B = Non-inter-level travel time spent in this place.
 C = Inter-level travel time spent in this place.
 D = Time resting spent in this place.
 E = Time spent auto-exploring this place.
 F = Levels seen in this place.
 G = Mean time per level.
                   A        B        C        D        E       F      G
               +--------+--------+--------+--------+--------+-----+--------+
         Total |    112 |    112 |      0 |      0 |     11 |   3 |   37.3 |
       Dungeon |    112 |    112 |      0 |      0 |     11 |   3 |   37.3 |
               +--------+--------+--------+--------+--------+-----+--------+

Top non-repeatable levels by time:
     D:5: 75 daAuts
     D:4: 29 daAuts
     D:6: 7 daAuts
